 Dungeon Crawl Stone Soup version 0.28.0-53-g5a82cb258f (webtiles) character file.

Game seed: 16104416349878839123

67 sanboga the Ruffian (level 4, -29/44 HPs)
             Began as a Troll Berserker on July 11, 2022.
             Was a Follower of Trog.
             Killed by an exploding goblin (34 damage)
             ... ignited by their inner flame
             ... on level 2 of the Dungeon.
             The game lasted 00:00:58 (303 turns).

sanboga the Ruffian (Troll Berserker)                Turns: 303, Time: 00:00:59

Health: -29/44     AC:  4    Str: 27    XL:     4   Next: 0%
Magic:  3/3        EV: 10    Int:  3    God:    Trog [*.....]
Gold:   23         SH:  0    Dex:  9    Spells: 3/3 levels left

rFire   . . .      SeeInvis .     - Unarmed
rCold   . . .      Faith    .   (no shield)
rNeg    . . .      Spirit   .   a - +0 animal skin
rPois   .          Reflect  .   (helmet restricted)
rElec   .          Harm     .   (no cloak)
rCorr   .          Rampage  .   (gloves unavailable)
Will    .....                   (boots unavailable)
Stlth   +.........              (no amulet)
HPRegen 0.94/turn               (no ring)
MPRegen 0.08/turn               (no ring)

@: on berserk cooldown, slowed, very slow
A: large, unfitting armour, claws 3, regeneration 1, shaggy fur 1, tough skin 1
a: Renounce Religion, Berserk


You were on level 2 of the Dungeon.
You worshipped Trog.
Trog was aware of your devotion.
You visited 1 branch of the dungeon, and saw 2 of its levels.

You collected 23 gold pieces.

Inventory:

Armour
 a - a +0 animal skin (worn)


   Skills:
 + Level 2.9 Fighting
 + Level 2.9 Dodging
 * Level 4.0 Unarmed Combat


You had 3 spell levels left.
You didn't know any spells.
Your spell library was empty.

Dungeon Overview and Level Annotations

Branches:
Dungeon (1/15)

Altars:

Annotations:
D:2 Robin


Innate Abilities, Weirdness & Mutations

You are too large for most types of armour.
You have claws for hands.
Your natural rate of healing is unusually fast.
You are covered in fur. (AC +1)
You have tough skin. (AC +1)


Message History

You scratch Robin.
Robin is lightly wounded.
The hobgoblin closely misses you.
Robin roars a battlecry!
The hobgoblin goes into a battle-frenzy!
The goblin closely misses you.
You scratch Robin.
Robin is heavily wounded.
You are no longer berserk.
You are exhausted.
You feel yourself slow down.
You scratch Robin.
Robin is severely wounded.
The hobgoblin no longer looks unusually strong.
The goblin no longer looks unusually strong.
The hobgoblin hits you.
Robin roars a battlecry!
The goblins go into a battle-frenzy!
The goblin hits you with a +0 club. The hobgoblin closely misses you.
Robin hits you but does no damage. The goblin closely misses you.
You barely miss Robin.
Robin is severely wounded.
The hobgoblin barely misses you. Robin hits you with a +0 trident.
The goblin hits you with a +0 club.
* * * LOW HITPOINT WARNING * * *
You aren't carrying any potions.
As you read the scroll labelled NYERPH HA POSHRA, it crumbles to dust.
The creatures around you are filled with an inner flame!
It was a scroll of immolation.
The hobgoblin closely misses you. Robin barely misses you.
The goblin hits you with a +0 club.
* * * LOW HITPOINT WARNING * * *
The hobgoblin closely misses you. Robin hits you with a +0 trident.
* * * LOW HITPOINT WARNING * * *
The goblin hits you but does no damage.
You scratch the goblin. Trog accepts your kill.
The goblin explodes!
The fiery explosion engulfs you!!
Ouch! That really hurt!
You die...

..........########
#########.#≈§§≈≈≈≈
..............§§
#########.#≈≈≈≈≈§§
..........###########
#######.#.# .....##
#.#.# .......
#.#.#####g..#
#.#.))§§@gg.#
#.########### #.# #.#


You could see Robin (inner flame) and 2 hobgoblins.

Vanquished Creatures
  Jessica (D:2)
  An adder (D:2)
  3 ball pythons (D:1)
  5 endoplasms
  11 goblins
  4 hobgoblins
  A kobold (D:2)
  2 bats
  A frilled lizard (D:1)
29 creatures vanquished.

Vanquished Creatures (others)
  A goblin (D:2)
1 creature vanquished.

Grand Total: 30 creatures vanquished

Notes
Turn   | Place    | Note
-------+----------+-------------------------------------------
     0 | D:1      | sanboga the Troll Berserker began the quest for the Orb.
     0 | D:1      | Reached XP level 1. HP: 22/22 MP: 0/0
    70 | D:1      | Reached XP level 2. HP: 27/29 MP: 1/1
   152 | D:1      | You fall into a shaft and drop 1 floor!
   216 | D:2      | Noticed Jessica
   223 | D:2      | Killed Jessica
   224 | D:2      | Reached XP level 3. HP: 23/36 MP: 2/2
   257 | D:2      | Reached skill level 4 in Unarmed Combat
   276 | D:2      | Noticed Robin
   295 | D:2      | Reached XP level 4. HP: 36/44 MP: 3/3
   303 | D:2      | Killed by an exploding goblin... ignited by their inner
                  | flame

Illustrated notes

Levels and vault maps discovered:
D:1:      dpeg_arrival_water_temple_mockup, layout_basic, serial_shops, shop
D:2:      layout_loops_ring, minmay_misc_feat_enclosed,
          amcnicky_mini_rare_corridor_liquid, uniq_jessica, uniq_robin,
          uniq_sigmund

Skill      XL: |  1  2  3 |
---------------+----------+-----
Unarmed Combat | 4 |  4.0
Fighting       | |  2.9
Dodging        | |  2.9

Action                   |  1- 3 |  4- 6 || total
-------------------------+-------+-------++-------
Melee: Unarmed           |    55 |     7 ||    62
Invok: Berserk           |     1 |       ||     1
  Use: Scroll            |       |     1 ||     1
Armor: Animal skin       |    19 |     3 ||    22
Dodge: Dodged            |    21 |    11 ||    32
